TOP OF THE 1ST |
Portland Cards batting - Pitching for Madison Bombers : RHP Claudio Segura
|
Pitching: RHP Claudio Segura
|
|
Batting: RHB Dani Vázquez
|
0-0: Called Strike 0-1: Foul Ball, location: 2F 0-2: Fly out, F8 (Flyball, 8LM)
|
Batting: LHB Keith Beard
|
0-0: Fly out, F9 (Flyball, 9M)
|
Batting: LHB Jeff Daniels
|
0-0: Called Strike 0-1: Foul Ball, location: 2F 0-2: Ball 1-2: Fly out, F7 (Flyball, 7LM)
|
Top of the 1st over - 0 run(s), 0 hit(s), 0 error(s), 0 left on base; Portland 0 - Madison 0 |
BOTTOM OF THE 1ST |
Madison Bombers batting - Pitching for Portland Cards : LHP Mike Graves
|
Pitching: LHP Mike Graves
|
|
Batting: RHB Pablo Gonzáles
|
0-0: Called Strike 0-1: Swinging Strike 0-2: Foul Ball, location: 2F 0-2: Ball 1-2: Foul Ball, location: 2F 1-2: Strikes out swinging
|
Batting: LHB Sixto Cantú
|
0-0: Foul Ball, location: 2F 0-1: Ball 1-1: Swinging Strike 1-2: Strikes out swinging
|
Batting: RHB Vicente Aguirre
|
0-0: Ball 1-0: Ball 2-0: Swinging Strike 2-1: Ball 3-1: Base on Balls
|
Batting: LHB Seung-chun Mun
|
0-0: Ball 1-0: Ball 2-0: Foul Ball, location: 2F 2-1: SINGLE (Flyball, 89S) Vicente Aguirre to second Runner from 2nd tries for 3rd, SAFE, throw made to third
|
Batting: RHB Sergio Márquez
|
0-0: Swinging Strike 0-1: Foul Ball, location: 2F 0-2: SINGLE (Groundball, 34D) Vicente Aguirre scores Seung-chun Mun to second Runner from 2nd tries for 3rd, SAFE, throw made to third
|
Batting: SHB Jorge Flores
|
0-0: Ball 1-0: Foul Ball, location: 2F 1-1: SINGLE (Line Drive, 34) Seung-chun Mun scores Sergio Márquez to second Runner from 2nd tries for 3rd, OUT!
|
Bottom of the 1st over - 2 run(s), 3 hit(s), 0 error(s), 1 left on base; Portland 0 - Madison 2 |
TOP OF THE 2ND |
Portland Cards batting - Pitching for Madison Bombers : RHP Claudio Segura
|
Batting: RHB Paco Arellano
|
0-0: Called Strike 0-1: Ground out 5-3 (Groundball, 56S)
|
Batting: LHB Paul Mullins
|
0-0: Ground out 6-3 (Groundball, 6)
|
Batting: RHB Aaron Scott
|
0-0: Called Strike 0-1: Ball 1-1: Foul Ball, location: 2F 1-2: DOUBLE (Flyball, 78XD)
|
Batting: LHB Tom Blake
|
0-0: Foul Ball, location: 2F 0-1: Foul Ball, location: 2F 0-2: Ball 1-2: Ball 2-2: Ball 3-2: SINGLE (Groundball, 34D) Aaron Scott to third Aaron Scott scores
|
Batting: RHB Germán Rosales
|
0-0: Ball 1-0: Foul Ball, location: 2F 1-1: Ball 2-1: Swinging Strike 2-2: Ball 3-2: SINGLE (Groundball, 6MD) Tom Blake to second Tom Blake to third
|
Batting: RHB Bartolo Quiñones
|
0-0: Ball 1-0: Ball 2-0: Called Strike 2-1: Foul Ball, location: 2F 2-2: Ball 3-2: Fly out, F7 (Flyball, 7D)
|
Top of the 2nd over - 1 run(s), 3 hit(s), 0 error(s), 2 left on base; Portland 1 - Madison 2 |
BOTTOM OF THE 2ND |
Madison Bombers batting - Pitching for Portland Cards : LHP Mike Graves
|
Batting: RHB William Farmer
|
0-0: Ball 1-0: Ball 2-0: Called Strike 2-1: Foul Ball, location: 2F 2-2: Ball 3-2: Strikes out swinging
|
Batting: RHB Quinton Martínez
|
0-0: Ground out 5-3 (Groundball, 56)
|
Batting: SHB Bob Warren
|
0-0: Ball 1-0: Ball 2-0: Swinging Strike 2-1: Ground out 6-3 (Groundball, 6)
|
Bottom of the 2nd over - 0 run(s), 0 hit(s), 0 error(s), 0 left on base; Portland 1 - Madison 2 |
TOP OF THE 3RD |
Portland Cards batting - Pitching for Madison Bombers : RHP Claudio Segura
|
Batting: RHB Dani Vázquez
|
0-0: Called Strike 0-1: Ball 1-1: Ball 2-1: Ball 3-1: Base on Balls
|
Batting: LHB Keith Beard
|
0-0: Ball 1-0: Ball 2-0: Ball 3-0: Called Strike 3-1: Called Strike 3-2: Foul Ball, location: 2F 3-2: TRIPLE (Line Drive, 9M) Dani Vázquez scores
|
Batting: LHB Jeff Daniels
|
0-0: Ball 1-0: Fly out, F5 (Popup, 5SF)
|
Batting: RHB Paco Arellano
|
0-0: Ball 1-0: Called Strike 1-1: Ball 2-1: Ground out 5-3 (Groundball, 56S) Keith Beard scores
|
Batting: LHB Paul Mullins
|
0-0: Called Strike 0-1: Ball 1-1: Foul Ball, location: 2F 1-2: Ball 2-2: Ball 3-2: Base on Balls
|
Batting: RHB Aaron Scott
|
0-0: Called Strike 0-1: Ball 1-1: SINGLE (Groundball, 56) Paul Mullins to second
|
Batting: LHB Tom Blake
|
Balk! Paul Mullins to third Aaron Scott to second 0-0: Ball 1-0: Swinging Strike 1-1: 3-RUN HOME RUN (Flyball, 89XD), Distance : 410 ft
|
Batting: RHB Germán Rosales
|
0-0: Ball 1-0: Foul Ball, location: 2F 1-1: Foul Ball, location: 2F 1-2: Ball 2-2: Ball 3-2: Ground out 4-3 (Groundball, 4)
|
Top of the 3rd over - 5 run(s), 3 hit(s), 0 error(s), 0 left on base; Portland 6 - Madison 2 |
BOTTOM OF THE 3RD |
Madison Bombers batting - Pitching for Portland Cards : LHP Mike Graves
|
Batting: RHB Pablo Gonzáles
|
0-0: Ball 1-0: Foul Ball, location: 2F 1-1: Called Strike 1-2: Foul Ball, location: 2F 1-2: Foul Ball, location: 2F 1-2: Foul Ball, location: 2F 1-2: Ball 2-2: Ground out 4-3 (Groundball, 4)
|
Batting: LHB Sixto Cantú
|
0-0: Called Strike 0-1: Foul Ball, location: 2F 0-2: Ball 1-2: Foul Ball, location: 2F 1-2: Strikes out looking
|
Batting: RHB Vicente Aguirre
|
0-0: Swinging Strike 0-1: Called Strike 0-2: Foul Ball, location: 2F 0-2: Strikes out looking
|
Bottom of the 3rd over - 0 run(s), 0 hit(s), 0 error(s), 0 left on base; Portland 6 - Madison 2 |
TOP OF THE 4TH |
Portland Cards batting - Pitching for Madison Bombers : RHP Claudio Segura
|
Pitching: LHP Tim Wilson
|
|
Batting: RHB Bartolo Quiñones
|
0-0: Called Strike 0-1: Ball 1-1: Foul Ball, location: 2F 1-2: Strikes out looking
|
Batting: RHB Dani Vázquez
|
0-0: SINGLE (Groundball, 56)
|
Batting: LHB Keith Beard
|
0-0: Called Strike 0-1: Fly out, F8 (Flyball, 8LM)
|
Batting: LHB Jeff Daniels
|
0-0: Ball 1-0: Fly out, F5 (Popup, 5SF)
|
Top of the 4th over - 0 run(s), 1 hit(s), 0 error(s), 1 left on base; Portland 6 - Madison 2 |
BOTTOM OF THE 4TH |
Madison Bombers batting - Pitching for Portland Cards : LHP Mike Graves
|
Batting: LHB Seung-chun Mun
|
0-0: Ball 1-0: Foul Ball, location: 2F 1-1: Ball 2-1: Ball 3-1: Base on Balls
|
Batting: RHB Sergio Márquez
|
Balk! Seung-chun Mun to second 0-0: Foul Ball, location: 2F 0-1: Foul Ball, location: 2F 0-2: Ball 1-2: Foul Ball, location: 2F 1-2: Ball 2-2: Fly out, F5 (Line Drive, 5S)
|
Batting: SHB Jorge Flores
|
0-0: Ground out 5-3 (Groundball, 56S) Seung-chun Mun to third
|
Batting: RHB William Farmer
|
0-0: Foul Ball, location: 2F 0-1: Foul Ball, location: 2F 0-2: Ground out 6-3 (Groundball, 6)
|
Bottom of the 4th over - 0 run(s), 0 hit(s), 0 error(s), 1 left on base; Portland 6 - Madison 2 |
TOP OF THE 5TH |
Portland Cards batting - Pitching for Madison Bombers : LHP Tim Wilson
|
Batting: RHB Paco Arellano
|
0-0: Ball 1-0: Ball 2-0: SINGLE (Line Drive, 4M)
|
Batting: LHB Paul Mullins
|
0-0: Ground out 3-1 (Groundball, 34) Paco Arellano to second
|
Batting: RHB Aaron Scott
|
0-0: Ball 1-0: Foul Ball, location: 2F 1-1: SINGLE (Groundball, 34D) Paco Arellano to third Runner from 3rd tries for Home, SAFE, throw made home Aaron Scott to second
|
Batting: LHB Tom Blake
|
0-0: Ball 1-0: SINGLE (Line Drive, 56D) Aaron Scott to third
|
Batting: RHB Germán Rosales
|
0-0: Ball 1-0: Ball 2-0: Foul Ball, location: 2F 2-1: Ball 3-1: Base on Balls Tom Blake to second
|
Batting: RHB Bartolo Quiñones
|
0-0: Called Strike 0-1: Ball 1-1: Grounds into fielders choice 1-2 (Groundball, 13S) Tom Blake to third Germán Rosales to second
|
Pinch Hitting: RHB Lonson Seals
|
0-0: Ball 1-0: Called Strike 1-1: Fly out, F2 (Popup, 2RF)
|
Top of the 5th over - 1 run(s), 3 hit(s), 0 error(s), 3 left on base; Portland 7 - Madison 2 |
BOTTOM OF THE 5TH |
Madison Bombers batting - Pitching for Portland Cards : LHP Mike Graves
|
Pitching: LHP Rob Greene
|
|
Now at 2B: Lonson Seals
|
|
Batting: RHB Quinton Martínez
|
0-0: Ball 1-0: Foul Ball, location: 2F 1-1: Ball 2-1: Called Strike 2-2: Strikes out swinging
|
Batting: SHB Bob Warren
|
0-0: Ball 1-0: Ball 2-0: Ball 3-0: Called Strike 3-1: Foul Ball, location: 2F 3-2: DOUBLE (Flyball, 7LS)
|
Batting: RHB Pablo Gonzáles
|
0-0: Called Strike 0-1: Fly out, F3 (Popup, 3)
|
Batting: LHB Sixto Cantú
|
0-0: Called Strike 0-1: Ball 1-1: Ball 2-1: Ball 3-1: Foul Ball, location: 2F 3-2: Ground out 3-1 (Groundball, 3)
|
Bottom of the 5th over - 0 run(s), 1 hit(s), 0 error(s), 1 left on base; Portland 7 - Madison 2 |
TOP OF THE 6TH |
Portland Cards batting - Pitching for Madison Bombers : LHP Tim Wilson
|
Pinch Hitting: RHB Carlos García
|
0-0: Called Strike 0-1: Ground out 1-3 (Groundball, 13)
|
Batting: RHB Jesús Gutiérrez
|
0-0: Called Strike 0-1: Fly out, F8 (Line Drive, 8RM)
|
Pinch Hitting: LHB Jeff Doss
|
0-0: Ball 1-0: Ball 2-0: Called Strike 2-1: Ground out 1-3 (Groundball, 25)
|
Top of the 6th over - 0 run(s), 0 hit(s), 0 error(s), 0 left on base; Portland 7 - Madison 2 |
BOTTOM OF THE 6TH |
Madison Bombers batting - Pitching for Portland Cards : LHP Rob Greene
|
Now in LF: Carlos García
|
|
Now in CF: Rob Bailey
|
|
Batting: RHB Vicente Aguirre
|
0-0: Ball 1-0: Fly out, F8 (Flyball, 8LD)
|
Batting: LHB Seung-chun Mun
|
0-0: Ball 1-0: Swinging Strike 1-1: Ball 2-1: SINGLE (Groundball, 4M)
|
Batting: RHB Sergio Márquez
|
0-0: Foul Ball, location: 2F 0-1: Ball 1-1: Ball 2-1: Foul Ball, location: 2F 2-2: Ball 3-2: Strikes out looking
|
Batting: SHB Jorge Flores
|
0-0: TRIPLE (Flyball, 8RXD) Seung-chun Mun scores
|
Batting: RHB William Farmer
|
0-0: Swinging Strike 0-1: Ball 1-1: Called Strike 1-2: Ball 2-2: Ground out 6-3 (Groundball, 6)
|
Bottom of the 6th over - 1 run(s), 2 hit(s), 0 error(s), 1 left on base; Portland 7 - Madison 3 |
TOP OF THE 7TH |
Portland Cards batting - Pitching for Madison Bombers : LHP Tim Wilson
|
Pinch Hitting: LHB John Cotton
|
0-0: Ball 1-0: SINGLE (Flyball, 8LS)
|
Pitching: RHP Gregg Lewis
|
|
Pinch Hitting: RHB Elpidio Martinho
|
0-0: Bunt missed! 0-1: Ball 1-1: Bunt missed! 1-2: Ball 2-2: Fly out, F6 (Popup, 6)
|
Batting: LHB Tom Blake
|
0-0: Ball 1-0: Called Strike 1-1: Ball 2-1: Fly out, F7 (Flyball, 7LM)
|
Pitching: RHP Alonso Gallardo
|
|
Batting: RHB Germán Rosales
|
0-0: Ball 1-0: Ball John Cotton steals 2nd base 2-0: Fly out, F3 (Popup, 3F)
|
Top of the 7th over - 0 run(s), 1 hit(s), 0 error(s), 1 left on base; Portland 7 - Madison 3 |
BOTTOM OF THE 7TH |
Madison Bombers batting - Pitching for Portland Cards : LHP Rob Greene
|
Pitching: RHP Ron Biller
|
|
Now at 1B: John Cotton
|
|
Now at SS: Elpidio Martinho
|
|
Batting: RHB Quinton Martínez
|
0-0: Swinging Strike 0-1: Foul Ball, location: 2F 0-2: Ground out 6-3 (Groundball, 6)
|
Batting: SHB Bob Warren
|
0-0: Swinging Strike 0-1: Called Strike 0-2: Ball 1-2: Foul Ball, location: 2F 1-2: Foul Ball, location: 2F 1-2: Foul Ball, location: 2F 1-2: Ground out 4-3 (Groundball, 34)
|
Pinch Hitting: LHB Avery Hopkins
|
0-0: Ball 1-0: Fly out, F8 (Popup, 6MD)
|
Bottom of the 7th over - 0 run(s), 0 hit(s), 0 error(s), 0 left on base; Portland 7 - Madison 3 |
TOP OF THE 8TH |
Portland Cards batting - Pitching for Madison Bombers : RHP Alonso Gallardo
|
Now in LF: Avery Hopkins
|
|
Batting: RHB Bartolo Quiñones
|
0-0: Ball 1-0: Fly out, F8 (Flyball, 78M)
|
Batting: RHB Lonson Seals
|
0-0: Called Strike 0-1: Ball 1-1: Ground out 5-3 (Groundball, 5S)
|
Batting: RHB Carlos García
|
0-0: Ball 1-0: Foul Ball, location: 2F 1-1: Ball 2-1: Ball 3-1: SINGLE (Groundball, 6)
|
Batting: RHB Jesús Gutiérrez
|
0-0: Ball 1-0: Swinging Strike 1-1: Fielders Choice at 2nd, U4 (Groundball, 4M)
|
Top of the 8th over - 0 run(s), 1 hit(s), 0 error(s), 1 left on base; Portland 7 - Madison 3 |
BOTTOM OF THE 8TH |
Madison Bombers batting - Pitching for Portland Cards : RHP Ron Biller
|
Pinch Hitting: RHB Emílio Carrillo
|
0-0: Ball 1-0: Ball 2-0: Ground out 5-3 (Groundball, 56)
|
Batting: RHB Vicente Aguirre
|
0-0: Called Strike 0-1: Swinging Strike 0-2: Fly out, F8 (Flyball, 8RXD)
|
Pinch Hitting: LHB Aroghetto Dionisotti
|
0-0: Ball 1-0: Swinging Strike 1-1: Ball 2-1: Foul Ball, location: 2F 2-2: Ground out 4-3 (Groundball, 4)
|
Bottom of the 8th over - 0 run(s), 0 hit(s), 0 error(s), 0 left on base; Portland 7 - Madison 3 |
TOP OF THE 9TH |
Portland Cards batting - Pitching for Madison Bombers : RHP Alonso Gallardo
|
Now at 2B: Emílio Carrillo
|
|
Now in RF: Aroghetto Dionisotti
|
|
Batting: RHB Rob Bailey
|
0-0: Called Strike 0-1: Ground out 5-3 (Groundball, 56S)
|
Batting: LHB John Cotton
|
0-0: Called Strike 0-1: Ball 1-1: Called Strike 1-2: Ball 2-2: Ball 3-2: Base on Balls
|
Batting: RHB Elpidio Martinho
|
0-0: Ball John Cotton steals 2nd base 1-0: Ball 2-0: Ball 3-0: Foul Ball, location: 2F 3-1: DOUBLE (Line Drive, 8RM) John Cotton scores
|
Batting: LHB Tom Blake
|
0-0: Ball Wild Pitch! Elpidio Martinho to third 1-0: Swinging Strike 1-1: Fly out, F7 (Flyball, 78M) Runner from 3rd tags up, SCORES, no throw
|
Pinch Hitting: RHB Claudio Guerra
|
0-0: Swinging Strike 0-1: Called Strike 0-2: Strikes out swinging
|
Top of the 9th over - 2 run(s), 1 hit(s), 0 error(s), 0 left on base; Portland 9 - Madison 3 |
BOTTOM OF THE 9TH |
Madison Bombers batting - Pitching for Portland Cards : RHP Ron Biller
|
Now at C: Claudio Guerra
|
|
Pinch Hitting: RHB Bailey Ramsey
|
0-0: Ground out 6-3 (Groundball, 6)
|
Pinch Hitting: RHB Ulysse Bélisle
|
0-0: Called Strike 0-1: Fly out, F8 (Flyball, 8LM)
|
Batting: LHB John Latham
|
0-0: Foul Ball, location: 2F 0-1: Foul Ball, location: 2F 0-2: Ball 1-2: Ball 2-2: Ball 3-2: Foul Ball, location: 2F 3-2: Base on Balls
|
Pinch Hitting: RHB Greg King
|
0-0: Foul Ball, location: 2F 0-1: Swinging Strike 0-2: Strikes out looking
|
Bottom of the 9th over - 0 run(s), 0 hit(s), 0 error(s), 1 left on base; Portland 9 - Madison 3 |
|